 Dungeon Crawl Stone Soup version 0.27-a0-1378-gdefffd1ff6 (webtiles) character file.

Game seed: 18023675477632154918

37 Arzdou the Skirmisher (level 3, 0/33 HPs)
             Began as a Hill Orc Fighter on June 29, 2021.
             Slain by an adder (1 damage)
             ... on level 2 of the Dungeon.
             The game lasted 00:01:28 (926 turns).

Arzdou the Skirmisher (Hill Orc Fighter)             Turns: 926, Time: 00:01:30

Health: 0/33       AC:  7    Str: 19    XL:     3   Next: 41%
Magic:  3/3        EV:  7    Int:  8    God:
Gold:   42         SH:  9    Dex: 10    Spells: 2/2 levels left

rFire    . . .     SeeInvis .   a - +0 war axe
rCold    . . .     Faith    .   c - +0 kite shield
rNeg     . . .     Spirit   .   b - +0 scale mail
rPois    .         Reflect  .   (no helmet)
rElec    .         Harm     .   (no cloak)
rCorr    .         Rampage  .   (no gloves)
Will     .....                  (no boots)
Stlth    ..........             (no amulet)
HPRegen  0.11/turn              (no ring)
MPRegen  0.08/turn              (no ring)

@: lethally poisoned (0 -> -4)
A: no striking features
a: no special abilities


You were on level 2 of the Dungeon.
You visited 1 branch of the dungeon, and saw 2 of its levels.

You collected 42 gold pieces.

Inventory:

Hand Weapons
 a - a +0 war axe (weapon)
Armour
 b - a +0 scale mail (worn)
 c - a +0 kite shield (worn)
Scrolls
 e - a scroll of vulnerability {unknown}
 f - a scroll of magic mapping {unknown}
 j - a scroll of identify {unknown}
Potions
 d - a potion of might
 g - a potion of attraction {unknown}
 h - a potion of brilliance {unknown}
 i - a potion of lignification {unknown}


   Skills:
 + Level 3.9 Fighting
 + Level 3.4 Axes
 + Level 3.7 Armour
 + Level 3.9 Shields


You had 2 spell levels left.
You didn't know any spells.
Your spell library was empty.

Dungeon Overview and Level Annotations

Branches:
Dungeon (2/15)

Altars:


Message History

You barely miss the adder.
The adder is severely wounded.
You barely miss the adder.
You feel sick. The adder bites you but does no damage.
You block the adder's attack. The adder closely misses you.
The adder barely misses you.
You miss the adder.
The adder is severely wounded.
You closely miss the adder.
You feel sick.
You are no longer poisoned.
You block the adder's attack. x2; The adder bites you but does no damage.
The adder barely misses you.
You closely miss the adder.
The adder is severely wounded.
You closely miss the adder. You block the adder's attack. x2
The adder bites you but does no damage. x2
You barely miss the adder.
The adder is severely wounded.
You closely miss the adder.
The adder bites you but does no damage. x2
You block the adder's attack. The adder bites you but does no damage.
You miss the adder.
The adder is severely wounded.
You barely miss the adder. The adder bites you.
You are poisoned.
The adder poisons you!
The adder bites you but does no damage. x2
The adder barely misses you.
You hit the adder.
The adder is severely wounded.
You closely miss the adder.
You feel sick. The adder bites you.
* * * LOW HITPOINT WARNING * * *
The adder bites you.
* * * LOW HITPOINT WARNING * * *
You are lethally poisoned!
The adder poisons you!
The adder bites you but does no damage. x2
You closely miss the adder.
The adder is severely wounded.
You closely miss the adder.
* * * LOW HITPOINT WARNING * * *
You feel very sick. You block the adder's attack. The adder bites you.
You die...

### ..
########.#
##.....#..#
##.........#
#.........^#
#..........#
#......@S..#
#.......S..#
#..............
.........$.....
...............
###.....#.....#
#.#...#######
#.#.###


You could see 2 adders.

Vanquished Creatures
  A dart slug (D:1)
  4 ball pythons (D:1)
  2 bats (D:1)
  3 endoplasms (D:1)
  A giant cockroach (D:1)
  3 goblins (D:1)
  2 hobgoblins (D:1)
  4 jackals (D:1)
  3 kobolds (D:1)
  5 frilled lizards (D:1)
  5 rats (D:1)
33 creatures vanquished.

Notes
Turn   | Place    | Note
-------+----------+-------------------------------------------
     0 | D:1      | Arzdou the Hill Orc Fighter began the quest for the Orb.
     0 | D:1      | Reached XP level 1. HP: 19/19 MP: 1/1
    65 | D:1      | Reached XP level 2. HP: 18/27 MP: 2/2
   395 | D:1      | Reached XP level 3. HP: 33/33 MP: 3/3
   926 | D:2      | HP: 1/33 [poisoned by an adder]
   926 | D:2      | Slain by an adder

Illustrated notes

Levels and vault maps discovered:
D:1:      kennysheep_arrival_seaside, layout_rooms
D:2:      layout_rooms, serial_curves, eino_curves_02, eino_curves_02,
          ebering_ecumenical_altar_hall, uniq_natasha

Skill      XL: |  1  2 |
---------------+-------+-----
Axes           | 3 |  3.4
Fighting       | |  3.9
Armour         | |  3.7
Shields        | |  3.9

Action                   || total
-------------------------++-------
Melee: War axe           ||   101
Armor: Scale mail        ||    79
Dodge: Dodged            ||    43
Block: Kite shield       ||    67

Table legend: (Time is in decaauts)
 A = Elapsed time spent in this place.
 B = Non-inter-level travel time spent in this place.
 C = Inter-level travel time spent in this place.
 D = Time resting spent in this place.
 E = Time spent auto-exploring this place.
 F = Levels seen in this place.
 G = Mean time per level.
                   A        B        C        D        E       F      G
               +--------+--------+--------+--------+--------+-----+--------+
         Total |    987 |    949 |     38 |      0 |    710 |   2 |  493.5 |
       Dungeon |    987 |    949 |     38 |      0 |    710 |   2 |  493.5 |
               +--------+--------+--------+--------+--------+-----+--------+

Top non-repeatable levels by time:
     D:1: 958 daAuts
     D:2: 28 daAuts
